 Dungeon Sprint DCSS version 0.16.2-12-gd0ad4c3 (webtiles) character file.

0 musteatbrain the Magician (level 1, -1/13 HPs)
             Began as a Demonspawn Wizard on Oct 15, 2015.
             Was an Initiate of Cheibriados.
             Slain by a giant mite (2 damage)
             ... in the Dungeon (Sprint VI: "Thunderdome").
             The game lasted 00:01:20 (83 turns).

musteatbrain the Magician (Demonspawn Wizard)         Turns: 83, Time: 00:01:20

Health: -1/13      AC:  2    Str:  8    XL:     1   Next: 8%
Magic:  1/4        EV: 12    Int: 20    God:    Cheibriados [......]
Gold:   200        SH:  0    Dex: 12    Spells: 1 memorised, 5 levels left

rFire  . . .     SeeInvis .     (no weapon)
rCold  . . .     Clarity  .     a - +0 robe
rNeg   . . .     SustAb   .     (no shield)
rPois  .         Gourm    .     b - +0 hat
rElec  .         Spirit   .     (no cloak)
rCorr  .         Warding  .     (no gloves)
rMut   .         NoTele   +     (no boots)
MR     .....                    (no amulet)
Stlth  ++........               (no ring)
                                (no ring)

@: lethally poisoned (-1 -> -14), very slightly contaminated, very slow, not
resistant to hostile enchantments, unstealthy
A: no striking features
a: Bend Time, Renounce Religion


You were in the Dungeon.
You worshipped Cheibriados.
Cheibriados was noncommittal.
You were not hungry.

You visited 1 branch You collected 200 gold pieces.

Inventory:

Armour
 a - a +0 robe (worn)
 b - a +0 hat (worn)
Magical devices
 l - a wand of cold (5)
 m - a wand of fire (5)
Scrolls
 j - 4 scrolls of blinking
 n - 3 scrolls of fog
Potions
 e - a potion of curing
 f - 4 potions of heal wounds
 g - 4 potions of haste
 h - 2 potions of magic
 i - a potion of berserk rage
 k - a potion of resistance
Books
 c - a book of Minor Magic

   Spells                             Type                      Level
   a - Magic Dart                     Conjuration                  1
   b - Blink                          Translocation                2
   c - Call Imp                       Summoning                    2
   d - Repel Missiles                 Charms/Air                   2
   e - Slow                           Hexes                        2
   f - Conjure Flame                  Conjuration/Fire             3
   g - Mephitic Cloud                 Conjuration/Poison/Air       3
Comestibles
 d - a bread ration


   Skills:
 - Level 1.7 Dodging
 - Level 1.7 Stealth
 - Level 3.0 Spellcasting
 + Level 1.9 Conjurations
   Level 1.0 Summonings
   Level 0.8 Translocations


You had 5 spell levels left.
You knew the following spells:

 Your Spells              Type           Power        Failure   Level  Hunger
a - Magic Dart            Conj           ##..         10%         1    None


Dungeon Overview and Level Annotations

Branches:
Dungeon (1/1)

Altars:
Cheibriados
Dithmenos
Fedhas
Gozag
Kikubaaqudgha
Makhleb
Okawaru
Qazlal
Ru
Sif Muna
Trog
Vehumet
Xom
Yredelemnul
Zin
The Shining One
Jiyva
Lugonu

Shops:
D *[%??*?*:[((!


Message History

You are poisoned.
The giant mite poisons you! The worm bites you.
You hit the giant mite.
The giant mite is lightly wounded.
You feel sick. The giant mite bites you.
* * * LOW HITPOINT WARNING * * *
You are more poisoned.
The giant mite poisons you!
You hit the giant mite.
The giant mite is heavily wounded.
* * * LOW HITPOINT WARNING * * *
You feel sick. The giant mite closely misses you. The worm misses you.
You hit the giant mite.
The giant mite is severely wounded.
* * * LOW HITPOINT WARNING * * *
You feel sick. The giant mite misses you.
You hit the giant mite.
The giant mite is almost dead.
The giant mite bites you.
You die...

..# #.....## ##∩.....∩##
#∩.......∩# #_......._#
#_......._# #........_#
###......sw.###
#⌠.......@...⌠#
######.8.........8.##
##∩___......###......._.
##∩........8.# #.8......
.............###........
..........###...###.....
..........# #.<.# ......
..........###...###......
.............###.........


You could see a worm and a giant mite.

Vanquished Creatures
  A kobold (D)
1 creature vanquished.

Notes
Turn   | Place    | Note
--------------------------------------------------------------
     0 | D        | musteatbrain, the Demonspawn Wizard, began the quest for the Orb.
     0 | D        | Reached XP level 1. HP: 13/13 MP: 4/4
     3 | D        | Found a glowing golden altar of the Shining One.
     5 | D        | Found a burning altar of Makhleb.
     5 | D        | Round 1.
     6 | D        | Found a glowing silver altar of Zin.
     6 | D        | Found a deep blue altar of Sif Muna.
     7 | D        | Found an ancient bone altar of Kikubaaqudgha.
     7 | D        | Found a shimmering altar of Xom.
     8 | D        | Found Feqeq's Jewellery.
     8 | D        | Found Axuarel's Bee Food.
     8 | D        | Found a sacrificial altar of Ru.
     8 | D        | Found an iron altar of Okawaru.
     9 | D        | Found a shadowy altar of Dithmenos.
    10 | D        | Found Laehuck's Advanced Armour.
    10 | D        | Found Katiuluw's Identification Station.
    14 | D        | Found a blossoming altar of Fedhas.
    15 | D        | Found a basalt altar of Yredelemnul.
    19 | D        | Found Ilawnih's Premium Goods.
    21 | D        | Found Azelom Atur's Miscellaneous Merchandise.
    24 | D        | Found a snail-covered altar of Cheibriados.
    24 | D        | Found an opulent altar of Gozag.
    25 | D        | Found Rewnyih's Weapon Rack.
    25 | D        | Found Ugileuc's Basic Armour.
    29 | D        | Found a corrupted altar of Lugonu.
    30 | D        | Found a viscous altar of Jiyva.
    31 | D        | Found Grekheno's Do-It-Yourself Clinic.
    37 | D        | Became a worshipper of Cheibriados the Contemplative
    64 | D        | Found Ismagad's Magic Scroll Shop.
    66 | D        | Found Pakah's Magic Scroll Shop.
    68 | D        | Found a stormy altar of Qazlal.
    69 | D        | Found a radiant altar of Vehumet.
    70 | D        | Found Warih's Staff Store.
    70 | D        | Found Pnoyss' Must-Have Magic.
    76 | D        | Found a bloodstained altar of Trog.
    83 | D        | Slain by a giant mite

Action                   || total
-------------------------++-------
Melee: Unarmed           ||     5
 Cast: Magic Dart        ||     4
